 Dungeon Crawl Stone Soup version 0.23.0-3-gf3c87f2df8 (webtiles) character file.

Game seed: 2018844918918081240

3379 P0WERM0DE the Cleaver (level 9, -5/82 HPs)
             Began as a Deep Dwarf Fighter on Feb 24, 2019.
             Was a Believer of Makhleb.
             Slain by an orc warrior
             ... wielding a +0 halberd
              (22 damage)
             ... in a bailey.
             The game lasted 00:03:38 (3280 turns).

P0WERM0DE the Cleaver (Deep Dwarf Fighter)          Turns: 3280, Time: 00:03:39

Health: -5/82      AC: 10    Str: 29    XL:     9   Next: 74%
Magic:  3/3        EV: 10    Int:  8    God:    Makhleb [**....]
Gold:   265        SH: 15    Dex: 12    Spells: 8/8 levels left

rFire    + . .     SeeInvis .   a - +0 war axe (freeze)
rCold    . . .     Gourm    .   i - +0 shield
rNeg     . . .     Faith    .   b - +0 scale mail
rPois    .         Spirit   .   h - +1 helmet (curse)
rElec    .         Reflect  +   (no cloak)
rCorr    +         Harm     .   (no gloves)
MR       +....                  (no boots)
Stlth    ..........             u - +4 amulet of reflection
HPRegen  0.00/turn              k - ring of resist corrosion
MPRegen  0.08/turn              f - ring of protection from fire

@: mighty, non-regenerating
A: damage resistance, heal wounds, sense surroundings 2, no regeneration
a: Heal Wounds, Minor Destruction, Renounce Religion


You were in a bailey.
You worshipped Makhleb.
Makhleb was pleased with you.
You were not hungry.

You visited 2 branches of the dungeon, and saw 9 of its levels.
You also visited: Bailey.

You collected 353 gold pieces.
You spent 88 gold pieces at shops.

Inventory:

Hand Weapons
 a - a +0 war axe of freezing (weapon)
   (You found it on level 6 of the Dungeon)
Armour
 b - a +0 scale mail (worn)
 h - a cursed +1 helmet (worn)
   (You found it on level 1 of the Dungeon)
 i - a +0 shield (worn)
Jewellery
 c - an uncursed ring of protection from cold
   (You found it on level 4 of the Dungeon)
 f - a ring of protection from fire (right hand)
   (You found it on level 6 of the Dungeon)
 k - a ring of resist corrosion (left hand)
   (You found it on level 4 of the Dungeon)
 u - a +4 amulet of reflection (around neck)
   (You found it on level 5 of the Dungeon)
Wands
 y - a wand of paralysis (6)
   (You found it on level 4 of the Dungeon)
Scrolls
 j - a scroll of immolation
 o - a scroll of fear
 p - 2 scrolls of summoning
 r - 4 scrolls of identify
 t - 2 scrolls of teleportation
 v - a scroll of enchant armour
 w - 6 scrolls of remove curse
 A - a scroll of torment
 B - 3 scrolls of magic mapping
Potions
 d - 2 potions of might
 g - a potion of flight {unknown}
 l - a potion of degeneration {unknown}
 m - a potion of agility {unknown}
 n - 4 potions of heal wounds {unknown}
 q - a potion of mutation {unknown}
 s - 2 potions of curing {unknown}
 z - a potion of haste {unknown}
Comestibles
 e - 14 rations
 x - 19 chunks of flesh


   Skills:
 + Level 5.7 Fighting
 * Level 9.1 Axes
 + Level 7.0 Armour
 + Level 3.3 Dodging
 + Level 7.0 Shields
 * Level 6.1 Invocations


You had 8 spell levels left.
You didn't know any spells.
Your spell library was empty.

Dungeon Overview and Level Annotations

Branches:
Dungeon (8/15)             Temple (1/1) D:6
   Lair: D:8-11

Altars:
Ashenzari
Cheibriados
Dithmenos
Elyvilon
Fedhas
Gozag
Hepliaklqana
Kikubaaqudgha
Makhleb
Okawaru
Trog
Vehumet
Yredelemnul
Zin
The Shining One

Shops:
D:5 !*[

Annotations:
D:8 Maurice


Innate Abilities, Weirdness & Mutations

You are resistant to damage.
You can heal yourself by infusing magical energy.
You passively map the area around you.
You do not regenerate.


Message History

The orc barely misses you. You block the orc's attack.
The orc warrior hits you from afar with a +0 spear.
* * * LOW HITPOINT WARNING * * *
You block the orc warrior's attack.
The orc warrior hits you with a +0 spear!
* * * LOW HITPOINT WARNING * * *
You are too injured to fight recklessly!
You are too injured to fight recklessly!
You are too injured to fight recklessly!
You are too injured to fight recklessly!
You feel much better.
The orc hits you from afar with a +0 halberd!
The orc warrior hits you with a +0 glaive!
* * * LOW HITPOINT WARNING * * *
You block the orc's attack.
The orc warrior hits you from afar with a +0 spear.
* * * LOW HITPOINT WARNING * * *
The orc closely misses you. You block the orc warrior's attack.
The orc warrior hits you from afar with a +0 halberd!!
You die...

######## ####### ***
...))..## ##.....## **
...)))..######..o....#..,,,
..))))..#....#.)@o...'.! +
, ...))...'....'.o)....'.!,
, ........#....#oooo...'.!
+ ........######.......#..
*,, .......## ##.....##*#
######## ####### * *


You could see 4 orc warriors and 3 orcs.

Vanquished Creatures
  A cyclops (D:8)
  Eustachio (D:5)
  Menkaure (D:5)
  A water moccasin (D:5)
  A soldier ant (D:8)
  A phantom (D:6)
  An orc warrior (Bailey)
  6 ogres
  A centaur (D:8)
  A big kobold (D:8)
  3 bullfrogs
  A gnoll sergeant (D:7)
  A scorpion (D:6)
  4 killer bees (D:8)
  4 wights (D:6)
  6 hounds
  A crimson imp (D:7)
  2 jellies
  2 orc priests (D:6)
  Ijyb (D:3)
  2 orc wizards
  A centaur skeleton (D:8)
  4 iguanas
  6 worker ants
  2 hound skeletons
  5 gnolls (D:7)
  2 adders
  A howler monkey skeleton (D:7)
  2 shadow imps
  An adder zombie (D:5)
  2 worms (D:3)
  9 leopard geckos
  24 orcs
  3 ball pythons
  5 bats
  4 giant cockroaches
  9 goblins
  10 jackals
  A quokka (D:5)
  3 frilled lizards
  7 kobolds
  A leopard gecko skeleton (D:7)
  A quokka skeleton (D:6)
  A quokka zombie (D:7)
  5 rats (D:3)
151 creatures vanquished.

Vanquished Creatures (others)
  2 centaurs (D:7)
2 creatures vanquished.

Grand Total: 153 creatures vanquished

Notes
Turn   | Place    | Note
-------+----------+-------------------------------------------
     0 | D:1      | P0WERM0DE the Deep Dwarf Fighter began the quest for the
                  | Orb.
     0 | D:1      | Reached XP level 1. HP: 20/20 MP: 1/1
   165 | D:2      | Reached XP level 2. HP: 22/27 MP: 2/2
   272 | D:3      | Noticed Ijyb
   285 | D:3      | Reached skill level 3 in Axes
   285 | D:3      | Reached XP level 3. HP: 30/33 MP: 3/3
   303 | D:3      | Killed Ijyb
   421 | D:3      | Reached XP level 4. HP: 41/42 MP: 4/4
   456 | D:3      | Noticed a moth of wrath
   459 | D:3      | Found a bloodstained altar of Trog.
   571 | D:3      | You fall through a shaft for 2 floors!
   571 | D:5      | Entered Level 5 of the Dungeon
   571 | D:5      | Found Hubymief's Assorted Antiques.
   573 | D:5      | Noticed a water moccasin
   590 | D:5      | Killed a water moccasin
   590 | D:5      | Reached skill level 4 in Axes
   590 | D:5      | Reached XP level 5. HP: 25/49 MP: 3/3
   614 | D:5      | Bought a scroll labeled ISIOWN TAGEHO for 22 gold pieces
   614 | D:5      | Bought a scroll labeled ISIOWN TAGEHO for 22 gold pieces
   614 | D:5      | Bought a scroll labeled NAOWIUTALY for 22 gold pieces
   614 | D:5      | Bought a scroll labeled ANOASU BYPAI for 22 gold pieces
   620 | D:5      | Reached XP level 6. HP: 42/56 MP: 3/3
   624 | D:5      | Noticed Menkaure
   633 | D:5      | Killed Menkaure
   633 | D:5      | Reached skill level 5 in Axes
   653 | D:5      | Found Kyis Ved's Distillery.
   776 | D:5      | Found Kaammir's Armour Shop.
   880 | D:5      | Noticed Eustachio
   903 | D:5      | Killed Eustachio
   903 | D:5      | Reached skill level 5 in Shields
   903 | D:5      | Reached XP level 7. HP: 45/64 MP: 4/4
  1014 | D:5      | Found a glowing drain.
  1096 | D:4      | Reached skill level 5 in Armour
  1336 | D:4      | Reached skill level 6 in Axes
  1765 | D:4      | Found a white marble altar of Elyvilon.
  1766 | D:4      | Found a glowing silver altar of Zin.
  1767 | D:4      | Found a glowing golden altar of the Shining One.
  2143 | D:6      | Reached XP level 8. HP: 28/73 MP: 3/3
  2191 | D:6      | Reached skill level 7 in Axes
  2204 | D:6      | Found an ancient bone altar of Kikubaaqudgha.
  2221 | D:6      | Found a blossoming altar of Fedhas.
  2252 | D:6      | Found a staircase to the Ecumenical Temple.
  2261 | Temple   | Entered the Ecumenical Temple
  2325 | Temple   | Became a worshipper of Makhleb the Destroyer
  2374 | D:6      | Reached skill level 1 in Invocations
  2476 | D:7      | Reached skill level 1 in Dodging
  2538 | D:7      | Reached skill level 5 in Fighting
  2622 | D:7      | Reached skill level 8 in Axes
  2647 | D:7      | Gained mutation: You passively map the area around you.
                  | [Deep Dwarf growth]
  2647 | D:7      | Reached XP level 9. HP: 63/81 MP: 5/5
  2680 | D:7      | Reached * piety under Makhleb
  3038 | D:8      | Noticed a cyclops
  3049 | D:8      | Reached skill level 5 in Invocations
  3068 | D:8      | Killed a cyclops
  3074 | D:8      | Reached skill level 9 in Axes
  3075 | D:8      | Reached ** piety under Makhleb
  3179 | D:8      | Found a flagged portal.
  3179 | D:8      | Noticed Maurice
  3188 | Bailey   | Entered a bailey
  3280 | Bailey   | Slain by an orc warrior

Skill      XL: |  1  2  3  4  5  6  7  8  9 |
---------------+----------------------------+-----
Axes           | 3 4 5 6 8 9 |  9.1
Fighting       | 3 4 5 |  5.7
Shields        | 4 5 6 7 |  7.0
Armour         | 4 5 6 7 |  7.0
Invocations    | 3 6 |  6.1
Dodging        | 2 3 |  3.3

Action                   |  1- 3 |  4- 6 |  7- 9 || total
-------------------------+-------+-------+-------++-------
Melee: War axe           |    86 |   100 |   304 ||   490
 Abil: Heal Wounds       |     6 |    12 |    24 ||    42
  Use: Scroll            |       |       |    12 ||    12
       Potion            |       |       |     2 ||     2
  Eat: Chunk             |       |       |     5 ||     5
       Ration            |       |       |     1 ||     1
Armor: Scale mail        |    53 |    35 |   164 ||   252
Dodge: Dodged            |    36 |    31 |   161 ||   228
Block: Shield            |    74 |    63 |   375 ||   512
       Reflection        |       |       |    11 ||    11
